 Dungeon Crawl Stone Soup version 0.28.0-47-ge53b351184 (webtiles) character file.

Game seed: 3142364979709558108

44954 pkoi the Zephyrmancer (level 13, -2/104 HPs)
             Began as a Demigod Venom Mage on Apr 27, 2022.
             Slain by a six-headed hydra (6 damage)
             ... while petrified by a catoblepas
             ... on level 6 of the Lair of Beasts on Apr 28, 2022.
             The game lasted 00:49:58 (27242 turns).

pkoi the Zephyrmancer (Demigod Venom Mage)         Turns: 27242, Time: 00:49:59

Health: -2/104     AC:  9    Str:  9    XL:     13   Next: 60%
Magic:  31/35      EV:  2    Int: 33    God:
Gold:   679        SH:  0    Dex: 14    Spells: 5/24 levels left

rFire   + . .      SeeInvis .   I - +2 spear "Leviticus" {spect, rF+ rN+}
rCold   . . .      Faith    .   (no shield)
rNeg    + + +      Spirit   .   H - +2 robe
rPois   ∞          Reflect  .   F - +2 helmet
rElec   .          Harm     .   O - scarf {+Inv}
rCorr   .          Rampage  .   z - +0 pair of gloves
Will    +....      Clarity  +   u - +0 pair of boots
Stlth   ++........              f - amulet of regeneration
HPRegen 1.07/turn               m - +4 ring of evasion
MPRegen 0.24/turn               D - ring of magical power

@: petrified
A: high MP 1, forlorn, divine attributes, clarity
a: Evoke Invisibility


You were on level 6 of the Lair of Beasts.
You visited 3 branches of the dungeon, and saw 17 of its levels.
You also visited: Sewer.

You collected 999 gold pieces.
You spent 320 gold pieces at shops.

Inventory:

Hand Weapons
 c - a +0 short sword
 d - a +0 dagger
 g - a +1 rapier of electrocution
 r - a +2 short sword of freezing
 A - a +4 short sword
 I - the +2 spear "Leviticus" (weapon) {spect, rF+ rN+}
   (You found it on level 1 of the Lair of Beasts)

   When its wielder attacks, the weapon's spirit leaps out and strikes again.
   The spirit shares a part of any damage it takes with its wielder.
   rF:        It protects you from fire.
   rN:        It protects you from negative energy.
Missiles
 b - 2 atropa-tipped darts
 l - 22 poisoned darts
 L - 3 boomerangs of dispersal
Armour
 t - a +0 cloak
 u - a +0 pair of boots (worn)
 z - a +0 pair of gloves (worn)
 F - a +2 helmet (worn)
 H - a +2 robe (worn)
 O - a scarf of invisibility (worn)
Magical Staves
 j - a staff of fire
Jewellery
 f - an amulet of regeneration (around neck)
 m - a +4 ring of evasion (left hand)
 D - a ring of magical power (right hand)
 K - a +6 ring of dexterity
 M - a +6 ring of strength
 P - a ring of willpower
Wands
 n - a wand of flame (45)
 B - a wand of acid (27)
 E - a wand of mindburst (24)
 N - a wand of charming (4)
Scrolls
 a - 12 scrolls of identify
 e - 6 scrolls of teleportation
 k - 3 scrolls of fear
 v - 2 scrolls of blinking
 x - 2 scrolls of enchant weapon
 y - 3 scrolls of fog
 J - 3 scrolls of magic mapping
Potions
 h - 4 potions of resistance
 i - 4 potions of curing
 o - 5 potions of heal wounds
 p - 3 potions of might
 q - 5 potions of haste
 s - 2 potions of berserk rage
 w - 2 potions of cancellation
 C - 2 potions of magic
 G - 2 potions of flight


   Skills:
 + Level 6.7 Fighting
 - Level 3.0 Short Blades
 - Level 3.0 Polearms
 - Level 4.0 Dodging
 - Level 3.0 Stealth
 + Level 9.0 Unarmed Combat
 + Level 6.1 Spellcasting
 - Level 3.4 Conjurations
 - Level 6.0 Summonings
 + Level 8.9 Transmutations
 + Level 10.4 Air Magic
 - Level 7.0 Poison Magic
 - Level 6.0 Evocations


You had 5 spell levels left.
You knew the following spells:

 Your Spells              Type           Power      Damage    Failure   Level
a - Sting                 Tmut/Pois      100%       1d8       1%          1
b - Poisonous Vapours     Pois/Air       100%       N/A       1%          2
c - Olgreb's Toxic Radia  Pois           54%        N/A       2%          4
d - Magic Dart            Conj           100%       1d8       1%          1
e - Airstrike             Air            34%        N/A       1%          4
f - Summon Lightning Spi  Summ/Air       59%        N/A       1%          4
g - Swiftness             Air            68%        N/A       1%          3

Your spell library contained the following spells:

 Spells                   Type           Power      Damage    Failure   Level
 Shock                    Conj/Air       100%       1d9       1%          1
 Call Imp                 Summ           49%        N/A       1%          2
 Corpse Rot               Necr/Air       88%        N/A       1%          2
 Mephitic Cloud           Conj/Pois/Air  54%        N/A       1%          3
 Ice Form                 Ice/Tmut       39%        N/A       7%          4
 Hailstorm                Conj/Ice       21%        3d6       22%         4
 Iskenderun's Battlesphe  Conj           32%        2d8       28%         5
 Dispel Undead            Necr           10%        3d9       38%         4
 Fireball                 Conj/Fire      10%        3d6       52%         5
 Conjure Ball Lightning   Conj/Air       27%        3x3d8     36%         6
 Storm Form               Tmut/Air       32%        N/A       56%         7
 Maxwell's Capacitive Co  Air            34%        ∞         98%         8
 Death Channel            Necr           5%         N/A       100%        6
 Simulacrum               Ice/Necr       5%         N/A       100%        6
 Orb of Destruction       Conj           16%        9d7       100%        7


Dungeon Overview and Level Annotations

Branches:
Dungeon (10/15)            Temple (1/1) D:7            Lair (6/6) D:10
 Shoals (0/4) Lair:4        Snake (0/4) Lair:2        Slime (0/5) Lair:5
    Orc (0/2) D:9           Sewer (visited)

Shops:
D:7 *   D:9 [


Innate Abilities, Weirdness & Mutations

You have an increased reservoir of magic. (+10% MP)
You shall have no god before yourself.
Your divine heritage dramatically boosts your attributes as you level up.
You possess an exceptional clarity of mind.


Message History

The catoblepas gores your lightning spire!!
Your lightning spire is destroyed!
Your lightning spire disappears in a puff of smoke!
The six-headed hydra bites you!
* * * LOW HITPOINT WARNING * * *
The six-headed hydra bites you!
* * * LOW HITPOINT WARNING * * *
The six-headed hydra bites you!
* * * LOW HITPOINT WARNING * * *
The six-headed hydra bites you!
* * * LOW HITPOINT WARNING * * *
The six-headed hydra bites you but does no damage.
The six-headed hydra bites you.
* * * LOW HITPOINT WARNING * * *
A catoblepas comes into view.
The six-headed hydra bites you!
* * * LOW HITPOINT WARNING * * *
The six-headed hydra bites you but does no damage. x2
The six-headed hydra bites you.
* * * LOW HITPOINT WARNING * * *
The six-headed hydra bites you!
* * * LOW HITPOINT WARNING * * *
The six-headed hydra bites you!
* * * LOW HITPOINT WARNING * * *
The catoblepas breathes a plume of calcifying dust at you.
The blast of calcifying dust hits the death yak.
The blast of calcifying dust hits you but does no damage.
You are engulfed in calcifying dust.
The six-headed hydra bites you.
* * * LOW HITPOINT WARNING * * *
The six-headed hydra bites you.
* * * LOW HITPOINT WARNING * * *
The six-headed hydra bites you!
* * * LOW HITPOINT WARNING * * *
The six-headed hydra bites you but does no damage.
The six-headed hydra bites you!
* * * LOW HITPOINT WARNING * * *
The six-headed hydra bites you!
* * * LOW HITPOINT WARNING * * *
You are engulfed in calcifying dust.
The six-headed hydra bites you!
You die...

### ####### ##.# ###.##..##
####.#### ##..Y.....##
#.#.....# ######
##Y..#§....P# .......##
#..PP# ##§.P###YY...#
.......# ##...####Y..##
##§Y..# .......#
#....##@Y.### ##Y8###
.......# ##.....D### #...##
.......# #P.##...## ..###
......## #######..## ..##
......# ### ##..# ##...#
......# ##.### ##.###...##
......# ##....####..†.....#
..(...###......##..††.###..#
.......###......#...### ..#


You could see a death yak (petrifying, poisoned), a catoblepas and a six-headed
hydra.

Vanquished Creatures
  5 hydras
  Erolcha (D:10)
  A catoblepas (Lair:3)
  2 two-headed ogres
  3 death yaks (Lair:6)
  A manticore (Lair:6)
  3 black mambas
  17 elephants
  3 torpor snails (Lair:6)
  10 cane toads
  3 komodo dragons
  A rime drake (Lair:5)
  A polar bear (Lair:1)
  A hornet (Lair:3)
  A troll (D:10)
  A slime creature (Lair:4)
  8 blink frogs
  Sigmund (D:4)
  A shadow (D:10)
  10 wyverns
  2 steam dragons
  28 yaks
  2 basilisks
  3 nagas (Lair:2)
  16 water moccasins
  Duvessa (D:7)
  3 orc warriors
  A hornet zombie (D:8)
  A swamp drake (D:9)
  2 black bears (D:10)
  An ice beast (D:5)
  4 ogres
  2 necrophages
  A sky beast (D:6)
  6 wolves
  A phantom (D:5)
  5 centaurs
  2 kobold brigands (Sewer)
  Blork the orc (D:4)
  9 bullfrogs
  A wyvern zombie (D:7)
  Dowan (D:7)
  3 water moccasin skeletons
  3 killer bees (D:10)
  An electric eel (Lair:2)
  A bullfrog zombie (D:5)
  A centaur zombie (D:8)
  10 jellies
  3 hounds
  7 orc priests
  A gnoll shaman (D:7)
  3 iguanas
  17 orc wizards
  Ijyb (D:4)
  2 killer bee zombies
  9 gnolls
  5 adders
  3 white imps
  3 worms
  3 dart slugs
  47 orcs
  10 ball pythons
  13 endoplasms
  3 giant cockroaches
  7 goblins
  4 hobgoblins
  5 jackals
  2 quokkas (D:1)
  2 bats
  8 frilled lizards
  21 kobolds
  6 rats
  A fire vortex (Lair:1)
372 creatures vanquished.

Vanquished Creatures (collateral kills)
  A hydra (Lair:5)
  2 catoblepae
  A manticore (Lair:6)
  A merfolk siren (Lair:4)
  3 elephants
  A black mamba (Lair:6)
  2 torpor snails (Lair:6)
  A cane toad (Lair:6)
  A rime drake (Lair:4)
  2 komodo dragons
  2 polar bears
  4 blink frogs
  A meliai zombie (D:10)
  A basilisk (Lair:6)
  21 yaks
  A wyvern (Lair:6)
  A naga (Lair:2)
  A water moccasin (Lair:2)
  A black bear (D:10)
  A bullfrog (Lair:2)
  3 jellies (Lair:4)
  5 endoplasms (Lair:4)
57 creatures vanquished.

Vanquished Creatures (others)
  63 fungi
  79 plants
142 creatures vanquished.

Grand Total: 571 creatures vanquished

Notes
Turn   | Place    | Note
-------+----------+-------------------------------------------
     0 | D:1      | pkoi the Demigod Venom Mage began the quest for the Orb.
     0 | D:1      | Reached XP level 1. HP: 14/14 MP: 5/5
    29 | D:1      | You fall into a shaft and drop 1 floor!
   743 | D:1      | Reached XP level 2. HP: 19/20 MP: 2/7
  1770 | D:2      | Reached XP level 3. HP: 22/26 MP: 5/8
  1780 | D:2      | Learned a level 2 spell: Poisonous Vapours
  2300 | D:2      | Reached skill level 1 in Air Magic
  2849 | D:3      | Reached XP level 4. HP: 33/33 MP: 7/9
  3358 | D:3      | Noticed a necrophage
  3363 | D:3      | Killed a necrophage
  3364 | D:3      | Reached skill level 2 in Air Magic
  3364 | D:3      | Reached skill level 5 in Poison Magic
  3364 | D:3      | Reached XP level 5. HP: 32/38 MP: 10/10
  4096 | D:4      | Noticed Ijyb
  4112 | D:4      | Killed Ijyb
  4269 | D:4      | Noticed Sigmund
  4326 | D:4      | Noticed an orc warrior
  4340 | D:3      | Killed an orc warrior
  4341 | D:3      | Reached skill level 3 in Air Magic
  4341 | D:3      | Reached XP level 6. HP: 9/45 MP: 3/11
  5327 | D:4      | Learned a level 4 spell: Olgreb's Toxic Radiance
  5500 | D:4      | Reached skill level 4 in Air Magic
  5618 | D:4      | Killed Sigmund
  5619 | D:4      | Reached skill level 1 in Fighting
  5619 | D:4      | Reached XP level 7. HP: 28/52 MP: 5/12
  5986 | D:4      | Gained mutation: You possess an exceptional clarity of
                  | mind. [potion of mutation]
  6019 | D:4      | Noticed Blork the orc
  6047 | D:4      | Killed Blork the orc
  6335 | D:5      | Entered Level 5 of the Dungeon
  6379 | D:5      | Found a glowing drain.
  6394 | Sewer    | Entered a sewer
  7126 | D:5      | Reached XP level 8. HP: 62/62 MP: 10/14
  7221 | D:5      | Reached skill level 1 in Short Blades
  7262 | D:5      | Learned a level 1 spell: Magic Dart
  7601 | D:5      | Reached skill level 5 in Air Magic
  8030 | D:6      | Reached skill level 1 in Conjurations
  8312 | D:6      | Reached skill level 1 in Transmutations
  9080 | D:7      | Reached skill level 1 in Unarmed Combat
  9345 | D:7      | Found a staircase to the Ecumenical Temple.
  9368 | Temple   | Entered the Ecumenical Temple
  9604 | D:7      | Learned a level 4 spell: Airstrike
  9674 | D:7      | Reached XP level 9. HP: 69/69 MP: 8/16
  9837 | D:7      | Noticed Dowan
 10165 | D:7      | Noticed Duvessa
 10177 | D:7      | Killed Duvessa
 10180 | D:7      | Killed Dowan
 10273 | D:7      | Found Biurid's Assorted Antiques.
 10281 | D:7      | Bought a scroll of teleportation for 87 gold pieces
 10281 | D:7      | Bought a glass ring for 145 gold pieces
 11307 | D:8      | Reached skill level 6 in Air Magic
 13221 | D:9      | Found a staircase to the Orcish Mines.
 13826 | D:9      | Noticed a two-headed ogre
 13865 | D:9      | Killed a two-headed ogre
 13866 | D:9      | Reached XP level 10. HP: 78/78 MP: 19/19
 13871 | D:9      | Learned a level 4 spell: Summon Lightning Spire
 13989 | D:9      | Found Tulum's Antique Armour Emporium.
 13993 | D:9      | Bought a glowing robe for 88 gold pieces
 14398 | D:10     | Entered Level 10 of the Dungeon
 14573 | D:10     | Noticed a two-headed ogre
 14599 | D:9      | Reached skill level 1 in Summonings
 15136 | D:10     | Reached skill level 7 in Air Magic
 15540 | D:10     | Found a staircase to the Lair.
 15616 | D:10     | Killed a two-headed ogre
 15617 | D:10     | Reached skill level 5 in Unarmed Combat
 15617 | D:10     | Reached skill level 5 in Transmutations
 15832 | D:10     | Noticed Erolcha
 15850 | D:10     | Killed Erolcha
 16073 | Lair:1   | Entered Level 1 of the Lair of Beasts
 16096 | Lair:1   | Reached XP level 11. HP: 50/84 MP: 20/20
 16107 | Lair:1   | Identified the +2 spear "Leviticus" {spect, rF+ rN+}
 16289 | Lair:1   | Noticed a four-headed hydra
 16294 | Lair:1   | Killed a four-headed hydra
 16295 | Lair:1   | Reached skill level 1 in Polearms
 16584 | Lair:1   | Reached skill level 8 in Air Magic
 17130 | Lair:2   | Noticed an eight-headed hydra
 17135 | Lair:2   | Killed an eight-headed hydra
 17284 | Lair:2   | Reached skill level 1 in Evocations
 17978 | Lair:2   | Reached skill level 5 in Summonings
 18447 | Lair:2   | Found a staircase to the Snake Pit.
 19671 | Lair:3   | Noticed a catoblepas
 19702 | Lair:3   | Killed a catoblepas
 20068 | Lair:3   | Noticed a catoblepas
 20078 | Lair:3   | Killed a catoblepas
 20079 | Lair:3   | Reached skill level 9 in Air Magic
 20079 | Lair:3   | Reached XP level 12. HP: 91/91 MP: 21/21
 20124 | Lair:3   | Learned a level 3 spell: Swiftness
 21600 | Lair:4   | Found a staircase to the Shoals.
 22039 | Lair:5   | Noticed a six-headed hydra
 22045 | Lair:5   | Killed a six-headed hydra
 22477 | Lair:5   | Noticed a seven-headed hydra
 22492 | Lair:5   | Killed a seven-headed hydra
 22835 | Lair:5   | Reached skill level 5 in Fighting
 23034 | Lair:5   | Found a staircase to the Slime Pits.
 23113 | Lair:5   | Noticed a six-headed hydra
 23118 | Lair:5   | Killed a six-headed hydra
 23888 | Lair:6   | Entered Level 6 of the Lair of Beasts
 24274 | Lair:6   | Identified the +1 plate armour of the Land of Plenty
                  | {Rampage rF+ Will- Regen+ Str+2}
 24674 | Lair:6   | Reached skill level 5 in Spellcasting
 24679 | Lair:6   | Noticed an eight-headed hydra
 24687 | Lair:6   | Killed an eight-headed hydra
 24736 | Lair:6   | Reached XP level 13. HP: 46/102 MP: 3/24
 24978 | Lair:6   | Reached skill level 5 in Evocations
 25365 | Lair:6   | Reached skill level 10 in Air Magic
 27241 | Lair:6   | HP: 3/104 [six-headed hydra (7)]
 27242 | Lair:6   | Slain by a six-headed hydra

Illustrated notes

Levels and vault maps discovered:
D:1:      pf_arrival_petrified_forest, layout_loops_ring,
          basic_ecumenical_altar, minivault_25
D:2:      layout_loops_ring, basic_altar, st_stairs_6
D:3:      layout_rooms, minmay_misc_feat_more_columns, minivault_19,
          wander_ebering_terrifying_dragon_lair
D:4:      layout_loops_cross, mainiacjoe_overflow_24_doors,
          kennysheep_generic_room_14, uniq_ijyb, uniq_blork_the_orc,
          uniq_sigmund
D:5:      layout_gridville, kennysheep_orc_sif_temple,
          cheibrodos_sewer_entry_drain
D:6:      layout_basic, kennysheep_generic_room_6
D:7:      layout_loops_cross, minmay_temple_entry_offerings, serial_shops, shop,
          uniq_duvessa
D:8:      layout_basic, minmay_misc_feat_rugged
D:9:      statuecave_lemuel, layout_small_grid, erik_orc_1, serial_shops,
          nicolae_shop_trees
D:10:     layout_grid_maze, mainiacjoe_overflow_small_starburst,
          minmay_lair_entry_grove, uniq_erolcha
Temple:   mainiacjoe_temple_bowtie_tessellation
Lair:1:   layout_gridlike, grunt_forest_small_clearings, grunt_megastairs_4
Lair:2:   layout_cave_pods, minmay_snake_entry_guardpost_large,
          serial_bayou_shore_a, grunt_megastairs_1
Lair:3:   layout_hall_layers, grunt_megastairs_3
Lair:4:   lemuel_slime, layout_layer_cave, minmay_shoals_entry_lonely_mermaid,
          lemuel_fruit_tree
Lair:5:   layout_roguey, slime_altar_1, infiniplex_staircase_pool_2
Lair:6:   evilmike_catoblepas_cave, layout_regular_city, kennysheep_snail_temple

Skill      XL: |  1  2  3  4  5  6  7  8  9 10 11 12 13 |
---------------+----------------------------------------+-----
Poison Magic   | 3 4 5 6 7 |  7.0
Air Magic      | 1 2 3 4 5 6 7 9 10 | 10.4
Dodging        | 2 3 4 |  4.0
Fighting       | 1 2 3 4 5 6 |  6.7
Stealth        | 2 3 |  3.0
Spellcasting   | 2 3 4 5 6 |  6.1
Short Blades   | 2 3 |  3.0
Conjurations   | 1 3 |  3.4
Transmutations | 1 3 5 7 8 |  8.9
Unarmed Combat | 1 3 5 7 8 9 |  9.0
Summonings     | 3 5 6 |  6.0
Polearms       | 3 |  3.0
Evocations     | 3 4 6 |  6.0

Action                   |  1- 3 |  4- 6 |  7- 9 | 10-12 | 13-15 || total
-------------------------+-------+-------+-------+-------+-------++-------
Melee: Short sword       |     6 |       |       |       |       ||     6
       Rapier            |     8 |    54 |   168 |    43 |       ||   273
       Punch             |       |     1 |     5 |    21 |     7 ||    34
       Spear             |       |       |       |   193 |    74 ||   267
 Cast: Sting             |    69 |    90 |   153 |     7 |     1 ||   320
       Poisonous Vapours |     3 |    13 |    73 |   102 |    27 ||   218
       Olgreb's Toxic Ra |       |       |    24 |    34 |    19 ||    77
       Airstrike         |       |       |     3 |    99 |    12 ||   114
       Summon Lightning  |       |       |       |    33 |    18 ||    51
  Use: Scroll            |     1 |     5 |    10 |     2 |       ||    18
       Potion            |       |     4 |     2 |     1 |       ||     7
 Stab: Sleeping          |       |     1 |     2 |     3 |       ||     6
       Distracted        |       |       |       |     6 |     1 ||     7
Armor: Robe              |     5 |    13 |    40 |    58 |    22 ||   138
Dodge: Dodged            |    32 |    87 |   251 |   195 |    38 ||   603
